[Event "December 5 Early 2023"]
[Site "https://www.chess.com"]
[Date "2023.12.05"]
[Round "11"]
[White "NovakRatko"]
[Black "Malyi, Viacheslav"]
[Result "1-0"]
[Board "94"]
[TimeControl "180+1"]
[BlackFideId "14123983"]
[WhiteElo "2470"]
[BlackElo "2562"]
[BlackTeam "UKR"]
[WhiteClock "0:00:38"]
[BlackClock "0:00:21"]

1. d4 Nf6 2. c4 g6 3. Nc3 d5 4. f3 Bg7 5. e4 dxe4 6. fxe4 e5 7. d5 O-O 8. Be2 c6 9. Bg5 h6 10. Bh4 cxd5 11. cxd5 Nbd7 12. Nf3 Nc5 13. Qc2 Bg4 14. O-O Rc8 15. h3 Bxf3 16. Bxf3 Qb6 17. Bf2 Qb4 18. a3 Qb3 19. Rac1 Qxc2 20. Rxc2 Nb3 21. Bxa7 Nd4 22. Rd2 Nb3 23. Rdf2 Ne8 24. Bd1 Nd4 25. Rd2 Nd6 26. Be2 h5 27. Bd3 Bh6 28. Rdd1 Nc4 29. Bxc4 Rxc4 30. Rfe1 Rfc8 31. Kf2 h4 32. Rd3 Bf4 33. Red1 Nc2 34. d6 Nd4 35. Bxd4 exd4 36. Rxd4 R4c6 37. Nd5 Kg7 38. Nxf4 Rc2+ 39. R1d2 1-0

[Event "December 5 Early 2023"]
[Site "https://www.chess.com"]
[Date "2023.12.05"]
[Round "11"]
[White "Vivaan Vishal Shah"]
[Black "Kazmaier, Daniel"]
[Result "0-1"]
[Board "95"]
[TimeControl "180+1"]
[WhiteFideId "25184237"]
[BlackFideId "2606089"]
[WhiteElo "2545"]
[BlackElo "2445"]
[WhiteTeam "IND"]
[BlackTeam "CAN"]
[WhiteClock "0:00:00"]
[BlackClock "0:00:10"]

1. e4 e6 2. e5 d5 3. d4 c5 4. c3 Qb6 5. Nf3 Bd7 6. Be2 Bb5 7. O-O Bxe2 8. Qxe2 Nc6 9. Be3 cxd4 10. cxd4 Nge7 11. Nc3 Nf5 12. Rad1 Be7 13. g4 Nxe3 14. fxe3 O-O 15. g5 f6 16. exf6 gxf6 17. e4 fxg5 18. exd5 Rxf3 19. Qxe6+ Kh8 20. Rxf3 Nxd4 21. Qe5+ Kg8 22. Rxd4 Bc5 23. Qxg5+ Kh8 24. Qe5+ Kg8 25. Rg3+ Kf7 26. Rg7+ Kf8 27. Ne2 Re8 28. Qg5 Bxd4+ 0-1

[Event "December 5 Early 2023"]
[Site "https://www.chess.com"]
[Date "2023.12.05"]
[Round "11"]
[White "Kovalyov, Eduard"]
[Black "Hajiyev, Kanan"]
[Result "0-1"]
[Board "96"]
[TimeControl "180+1"]
[WhiteFideId "14118033"]
[BlackFideId "13404148"]
[WhiteElo "2428"]
[BlackElo "2534"]
[WhiteTeam "UKR"]
[BlackTeam "AZE"]
[WhiteClock "0:00:00"]
[BlackClock "0:00:07"]

1. d4 c6 2. c4 d5 3. cxd5 cxd5 4. Bf4 Nf6 5. e3 Nc6 6. Nc3 a6 7. Bd3 Bg4 8. Nge2 e6 9. O-O Bd6 10. f3 Bh5 11. Rc1 O-O 12. Na4 e5 13. Bg3 Re8 14. Nc5 Qe7 15. Bf2 Rac8 16. Ng3 Bg6 17. Nf5 Bxf5 18. Bxf5 Rcd8 19. a3 a5 20. Qa4 g6 21. Bd3 Rc8 22. Bb5 Red8 23. Rc2 exd4 24. exd4 Nxd4 25. Qxd4 b6 26. Re2 bxc5 27. Rxe7 cxd4 28. Rb7 Rb8 29. Rxb8 Rxb8 30. Bxd4 Rxb5 31. Bxf6 Bc5+ 32. Kh1 Rb6 33. Bc3 d4 34. Bxa5 Rxb2 35. a4 Ra2 36. Rd1 Rxa4 37. Bd8 f5 38. Bf6 Kf7 39. Be5 Ke6 40. Bh8 Kd5 41. h4 Ra2 42. Kh2 Bd6+ 43. Kh3 Be5 44. Bxe5 Kxe5 45. Kg3 f4+ 46. Kh3 h5 47. g3 fxg3 48. Kxg3 Re2 49. Rd3 Re3 50. Rd2 d3 51. Kf2 Kf4 52. Ra2 Rxf3+ 53. Kg2 Re3 54. Ra4+ Re4 55. Ra8 Ke3 56. Ra3 Rg4+ 57. Kf1 Rxh4 0-1

[Event "December 5 Early 2023"]
[Site "https://www.chess.com"]
[Date "2023.12.05"]
[Round "11"]
[White "Sharapov, Evgeny"]
[Black "Tymrakiewicz, Rafal"]
[Result "1-0"]
[Board "97"]
[TimeControl "180+1"]
[WhiteFideId "14103133"]
[BlackFideId "1108832"]
[WhiteElo "2526"]
[BlackElo "2414"]
[WhiteTeam "UKR"]
[BlackTeam "POL"]
[WhiteClock "0:00:48"]
[BlackClock "0:00:00"]

1. e4 c6 2. d4 d5 3. e5 a6 4. Be3 Bf5 5. c4 e6 6. Nc3 Ne7 7. c5 b6 8. b4 a5 9. a3 Nd7 10. f4 Bg6 11. Nf3 f6 12. Be2 fxe5 13. fxe5 Nf5 14. Bf2 Be7 15. O-O O-O 16. g3 b5 17. Qd2 h6 18. Kg2 Bh7 19. h3 Ra7 20. Qe1 Bg5 21. Nd1 Be7 22. g4 axb4 23. gxf5 Bxf5 24. Qxb4 Be4 25. Nc3 Bg5 26. Nxe4 dxe4 27. Nxg5 Qxg5+ 28. Bg3 Qe3 29. Bg4 1-0

[Event "December 5 Early 2023"]
[Site "https://www.chess.com"]
[Date "2023.12.05"]
[Round "11"]
[White "Gavrilov, Maxim"]
[Black "Kolmagorov, Alexey"]
[Result "1-0"]
[Board "98"]
[TimeControl "180+1"]
[WhiteFideId "24271454"]
[BlackFideId "34129402"]
[WhiteElo "2515"]
[BlackElo "2380"]
[WhiteTeam "RUS"]
[BlackTeam "RUS"]
[WhiteClock "0:00:11"]
[BlackClock "0:00:01"]

1. d4 Nf6 2. c4 e6 3. Nc3 d5 4. cxd5 exd5 5. Bg5 c6 6. e3 h6 7. Bh4 Be7 8. Bd3 Nbd7 9. Qc2 O-O 10. Nf3 Re8 11. h3 Ne4 12. Bxe7 Qxe7 13. O-O Ndf6 14. Ne5 g6 15. f3 Nd6 16. Rae1 c5 17. dxc5 Qxe5 18. cxd6 Qxd6 19. Nb5 Qb6 20. Nd4 Bd7 21. Bxg6 fxg6 22. Qxg6+ Kh8 23. Qxh6+ Nh7 24. Qh5 Qd6 25. f4 Re4 26. Nf3 Rae8 27. Ng5 R4e7 28. Nf7+ Rxf7 29. Qxf7 Rf8 30. Qh5 Be8 31. Qh4 Bg6 32. Rc1 Be4 33. Rfd1 Rg8 34. g4 Qb6 35. Qf2 Nf6 36. Qd2 Nxg4 37. hxg4 Rxg4+ 38. Kf1 Qh6 39. Qd4+ Kh7 40. Rc7+ Kg6 41. f5+ Kg5 42. Qg7+ Qxg7 43. Rxg7+ Kxf5 44. Rxg4 Kxg4 45. Rc1 Kf3 46. Rc3 b6 47. Ke1 a5 48. Kd2 b5 49. Rc5 a4 50. Rxb5 Kf2 51. Rb4 Bb1 52. Rxa4 Be4 53. Rd4 1-0

[Event "December 5 Early 2023"]
[Site "https://www.chess.com"]
[Date "2023.12.05"]
[Round "11"]
[White "Franchini, Gabriele"]
[Black "Kotyk, Michael"]
[Result "0-1"]
[Board "99"]
[TimeControl "180+1"]
[WhiteFideId "806790"]
[BlackFideId "16214501"]
[WhiteElo "2346"]
[BlackElo "2508"]
[WhiteTeam "ITA"]
[BlackTeam "GER"]
[WhiteClock "0:00:03"]
[BlackClock "0:00:18"]

1. e4 c5 2. Nf3 Nc6 3. Bb5 e5 4. c3 Nge7 5. O-O a6 6. Ba4 d6 7. d4 cxd4 8. cxd4 Bd7 9. d5 Nb8 10. Bc2 Ng6 11. Nc3 Be7 12. b4 O-O 13. a4 Qc8 14. Qd3 f5 15. Ng5 Bxg5 16. Bxg5 f4 17. Bd1 Bg4 18. Rc1 Bxd1 19. Qxd1 Qe8 20. Qh5 Nd7 21. f3 Rc8 22. Bh4 Rc4 23. b5 Qc8 24. Be1 Nc5 25. Qh3 Qxh3 26. gxh3 Nd3 27. Rc2 Rfc8 28. Bd2 axb5 29. axb5 Nb4 30. Rb2 Nd3 31. Rc2 Nf8 32. Ra1 Nd7 33. Kf1 N7c5 34. Ke2 Nb4 35. Rb2 Nbd3 36. Rc2 Nb3 37. Raa2 Nb4 38. Rab2 Nd4+ 39. Kd1 Nbxc2 40. Rxc2 Nxc2 41. Kxc2 R4c5 42. Kb3 Kf7 43. Kb4 Rc4+ 44. Kb3 Rd4 45. Be1 Rd3 46. Kb4 Rcxc3 47. Bxc3 Rxf3 48. Bb2 Rf2 49. Ba3 Rxh2 50. Ka5 Ke7 51. Kb6 Ra2 52. Bb4 Rb2 53. Ba5 f3 54. Kxb7 Rxb5+ 55. Bb6 Ra5 56. Bxa5 f2 57. Kc6 f1=Q 58. Bc7 Qc4+ 59. Kb7 Kd7 60. Bb6 Qb5 61. Ka7 Qd3 62. h4 Qxe4 63. h5 g6 64. hxg6 hxg6 65. Kb7 Qxd5+ 66. Ka7 Qb5 67. Ka8 Kc6 68. Kb8 Qxb6+ 69. Kc8 Qb7+ 70. Kd8 Qd7# 0-1

[Event "December 5 Early 2023"]
[Site "https://www.chess.com"]
[Date "2023.12.05"]
[Round "11"]
[White "Baches Garcia, Guillermo"]
[Black "Tharushi, T H D Niklesha"]
[Result "0-1"]
[Board "100"]
[TimeControl "180+1"]
[WhiteFideId "2209764"]
[BlackFideId "9918264"]
[WhiteElo "2505"]
[BlackElo "2341"]
[WhiteTeam "ESP"]
[BlackTeam "SRI"]
[WhiteClock "0:00:00"]
[BlackClock "0:00:20"]

1. d4 Nf6 2. Nf3 e6 3. Bg5 Be7 4. Nbd2 d5 5. e3 O-O 6. Bd3 b6 7. c3 Bb7 8. Qe2 Nbd7 9. h4 Ne4 10. Bf4 c5 11. Ng5 Ndf6 12. f3 Nxd2 13. Qxd2 h6 14. g4 c4 15. Bc2 Nd7 16. Qh2 g6 17. O-O-O Kg7 18. Nh3 Bxh4 19. g5 hxg5 20. Bxg5 Bxg5 21. Nxg5 Qxg5 22. f4 Qh5 23. Qg2 Qxh1 24. Rxh1 Rh8 25. Rxh8 Rxh8 26. b3 b5 27. bxc4 bxc4 28. Qg5 Nf6 29. Qe5 Rh1+ 30. Kb2 Rh2 31. Qc7 Ng4 32. Qxb7 Nxe3 33. Qxa7 Nxc2 34. Kc1 Ne1 35. a4 Nd3+ 36. Kd1 Ra2 37. a5 Nf2+ 38. Ke1 Ne4 39. a6 Nxc3 40. Qb7 Ra1+ 41. Kd2 Ne4+ 42. Kc2 Ra2+ 43. Kb1 Nc3+ 44. Kc1 Ne2+ 45. Kd1 c3 46. a7 c2+ 47. Kxe2 c1=Q+ 0-1

[Event "December 5 Early 2023"]
[Site "https://www.chess.com"]
[Date "2023.12.05"]
[Round "11"]
[White "Krzywda, Andrzej"]
[Black "De Arruda, Leandro Formes"]
[Result "1-0"]
[Board "101"]
[TimeControl "180+1"]
[WhiteFideId "1114565"]
[BlackFideId "22722009"]
[WhiteElo "2500"]
[BlackElo "2336"]
[WhiteTeam "POL"]
[BlackTeam "BRA"]
[WhiteClock "0:01:57"]
[BlackClock "0:01:25"]

1. e4 e6 2. d4 d5 3. Nc3 dxe4 4. Nxe4 Nd7 5. Nf3 Ngf6 6. Nxf6+ Nxf6 7. Be3 Be7 8. Bd3 O-O 9. Qe2 b6 10. O-O-O Bb7 11. Rhe1 a5 12. Ne5 a4 13. a3 b5 14. Bxb5 Be4 15. Bc6 Bxc6 16. Nxc6 Qd6 17. Nxe7+ Qxe7 18. Bg5 h6 19. Bh4 Rfb8 20. d5 Qc5 21. Bxf6 gxf6 22. dxe6 Qb6 23. exf7+ Kh8 24. Qe8+ Rxe8 25. Rxe8+ 1-0

[Event "December 5 Early 2023"]
[Site "https://www.chess.com"]
[Date "2023.12.05"]
[Round "11"]
[White "Petrukhina, Olga"]
[Black "Reprintsev, Alexander"]
[Result "0-1"]
[Board "102"]
[TimeControl "180+1"]
[WhiteFideId "13703935"]
[BlackFideId "14100541"]
[WhiteElo "2259"]
[BlackElo "2492"]
[WhiteTeam "KAZ"]
[BlackTeam "UKR"]
[WhiteClock "0:00:00"]
[BlackClock "0:01:15"]

1. d4 d5 2. c4 e5 3. dxe5 d4 4. Nf3 Nc6 5. Nbd2 a5 6. Nb3 Bg4 7. Nbxd4 Bc5 8. e3 Nxd4 9. exd4 Bxf3 10. Qxf3 Qxd4 11. a3 Qxe5+ 12. Qe2 Bd4 13. Qxe5+ Bxe5 14. Be2 Nf6 15. O-O O-O-O 16. Rb1 Ne4 17. Bg4+ Kb8 18. Bf3 Nd2 19. Bxd2 Rxd2 20. b4 a4 21. Rfe1 f6 22. b5 Rhd8 23. Bd5 Bd4 24. Rf1 Re8 25. Bf3 Bc5 26. Ra1 Ka7 27. g3 Kb6 28. Kg2 f5 29. Rad1 Red8 30. Bd5 Rxd1 31. Rxd1 c6 32. bxc6 bxc6 33. Bf3 Rxd1 34. Bxd1 Ka5 35. Kf3 Bxa3 36. Kf4 g6 37. Ke5 Bb2+ 38. Kd6 a3 39. Bb3 Kb4 40. Ba2 c5 41. h4 Bd4 42. f3 Bf2 43. g4 Bxh4 44. gxf5 gxf5 45. Ke5 Kc3 0-1

[Event "December 5 Early 2023"]
[Site "https://www.chess.com"]
[Date "2023.12.05"]
[Round "11"]
[White "Cagara, Paulina"]
[Black "Bold, Andre"]
[Result "0-1"]
[Board "103"]
[TimeControl "180+1"]
[WhiteFideId "1124870"]
[BlackFideId "16208471"]
[WhiteElo "2239"]
[BlackElo "2488"]
[WhiteTeam "POL"]
[BlackTeam "GER"]
[WhiteClock "0:00:47"]
[BlackClock "0:01:53"]

1. e4 c6 2. d4 d5 3. exd5 cxd5 4. Bd3 Nf6 5. h3 Nc6 6. c3 g6 7. Nf3 Bg7 8. O-O O-O 9. Bf4 Bf5 10. Bxf5 gxf5 11. Nbd2 e6 12. Re1 Ne4 13. Qc2 Rc8 14. Qd3 Qb6 15. b4 a6 16. Nb3 Qb5 17. Qxb5 axb5 18. Rac1 b6 19. Nfd2 Rfd8 20. Nxe4 fxe4 21. f3 exf3 22. gxf3 Rd7 23. Kg2 Ra7 24. Re2 Ne7 25. Rcc2 Nf5 26. Nc1 Ra3 27. Bd2 Nxd4 28. Be3 Nxc2 29. Bxb6 Raxc3 30. Nb3 R3c4 31. Bc5 Nxb4 0-1

[Event "December 5 Early 2023"]
[Site "https://www.chess.com"]
[Date "2023.12.05"]
[Round "11"]
[White "Dobre, Claudiu-Cristian"]
[Black "Besso, Guadalupe"]
[Result "1-0"]
[Board "104"]
[TimeControl "180+1"]
[WhiteFideId "1211854"]
[BlackFideId "123161"]
[WhiteElo "2472"]
[BlackElo "2115"]
[WhiteTeam "ROU"]
[BlackTeam "ARG"]
[WhiteClock "0:00:45"]
[BlackClock "0:00:00"]

1. d4 f5 2. e4 fxe4 3. Nc3 Nf6 4. f3 e3 5. Bxe3 e6 6. Qd2 Be7 7. Bd3 O-O 8. h3 b6 9. f4 Nh5 10. O-O-O Ng3 11. Rh2 Bb7 12. Nge2 Nf5 13. Be4 d5 14. Bd3 c5 15. Bxf5 Rxf5 16. g4 Rf8 17. f5 c4 18. fxe6 a6 19. Bf4 b5 20. a3 b4 21. axb4 Bxb4 22. Rf2 Nc6 23. Rdf1 Qa5 24. Kb1 Ne7 25. Qe3 Bc6 26. Bg5 Rfb8 27. Qf3 Bxc3 28. Qxc3 Qc7 29. Rf7 Re8 30. Qa3 Ra7 31. Bxe7 1-0

[Event "December 5 Early 2023"]
[Site "https://www.chess.com"]
[Date "2023.12.05"]
[Round "11"]
[White "Mirzoev, Azer"]
[Black "Vila Dupla, Aurelio"]
[Result "1-0"]
[Board "105"]
[TimeControl "180+1"]
[WhiteFideId "13400304"]
[BlackFideId "2203383"]
[WhiteElo "2606"]
[BlackElo "2215"]
[WhiteTeam "AZE"]
[BlackTeam "ESP"]
[WhiteClock "0:01:43"]
[BlackClock "0:00:00"]

1. c4 Nf6 2. Nc3 d5 3. cxd5 Nxd5 4. g3 e5 5. Bg2 Nb6 6. d3 Nc6 7. Bxc6+ bxc6 8. Nf3 Bd6 9. O-O O-O 10. Qc2 f5 11. b3 Nd5 12. Bb2 Nb4 13. Qd2 Rb8 14. Na4 Qe7 15. a3 Nd5 16. Qc2 Bd7 17. b4 Kh8 18. Nc5 e4 19. dxe4 fxe4 20. Nxd7 Qxd7 21. Qxe4 Rbe8 22. Qc4 Rf5 23. Rac1 Nb6 24. Qc2 Rh5 25. Qxc6 Qxc6 26. Rxc6 Rxe2 27. Re1 Rxe1+ 28. Nxe1 Rd5 29. Kf1 Rd2 30. Rc2 Rxc2 31. Nxc2 Nc4 32. Bc1 Kg8 33. Ke2 Kf7 34. f4 c5 35. Kd3 Nb6 36. bxc5 Bxc5 37. Be3 Bxe3 38. Nxe3 g6 39. Nc4 Na4 40. Kd4 Ke6 41. g4 h5 42. h3 hxg4 43. hxg4 1-0

[Event "December 5 Early 2023"]
[Site "https://www.chess.com"]
[Date "2023.12.05"]
[Round "11"]
[White "Kotlyar, Kirill"]
[Black "Rosh Jain"]
[Result "0-1"]
[Board "106"]
[TimeControl "180+1"]
[WhiteFideId "24145599"]
[BlackFideId "25789465"]
[WhiteElo "2586"]
[BlackElo "2392"]
[WhiteTeam "RUS"]
[BlackTeam "IND"]
[WhiteClock "0:00:05"]
[BlackClock "0:00:06"]

1. e4 e5 2. Nf3 Nc6 3. Bb5 a6 4. Ba4 Nf6 5. O-O Nxe4 6. d4 b5 7. Bb3 d5 8. Re1 Be6 9. dxe5 Bc5 10. Be3 O-O 11. a4 Ne7 12. Nbd2 Bxe3 13. Rxe3 Nc5 14. Nd4 bxa4 15. Bxa4 Nxa4 16. Rxa4 c5 17. Nxe6 fxe6 18. Rh3 Nf5 19. Qh5 h6 20. Rg4 Qe8 21. Rg6 Kh7 22. Rg4 Qxh5 23. Rxh5 a5 24. Rh3 a4 25. Ra3 c4 26. Rf4 Rfb8 27. Ra2 Ne7 28. g4 Nc6 29. c3 Nxe5 30. Nf3 Nd3 31. Rf7 Kg8 32. Re7 Nxb2 33. Nd4 Nd1 34. Nxe6 Nxc3 35. Ra3 Rb3 36. Ra1 a3 37. Rxg7+ Kh8 38. Rg6 a2 39. Rxh6+ Kg8 40. Ng5 Rb1+ 41. Kg2 Rxa1 42. h4 Rg1+ 43. Kf3 a1=Q 44. Rg6+ Kf8 45. h5 Qd1+ 46. Kf4 Qd4+ 47. Kf5 Qxg4+ 48. Kf6 Ne4+ 49. Nxe4 Qxe4 50. Rh6 Ra6# 0-1

[Event "December 5 Early 2023"]
[Site "https://www.chess.com"]
[Date "2023.12.05"]
[Round "11"]
[White "Marcziter, Dmitrii"]
[Black "Chernomordik, Pavel"]
[Result "0-1"]
[Board "107"]
[TimeControl "180+1"]
[WhiteFideId "13900765"]
[BlackFideId "2804530"]
[WhiteElo "2379"]
[BlackElo "2499"]
[WhiteTeam "GER"]
[BlackTeam "ISR"]
[WhiteClock "0:00:08"]
[BlackClock "0:00:53"]

1. d4 g6 2. c4 Bg7 3. Nf3 d6 4. Nc3 Nc6 5. h3 e5 6. Bg5 f6 7. Bc1 Nge7 8. e4 O-O 9. Be2 f5 10. dxe5 fxe4 11. Nxe4 Nxe5 12. Nxe5 Bxe5 13. O-O Nf5 14. Bg5 Qe8 15. Qd2 Be6 16. Bd3 Qf7 17. Rac1 Bg7 18. Bf4 h6 19. Bh2 Kh7 20. b3 Nd4 21. Kh1 Rae8 22. Rce1 Bxh3 23. gxh3 Qf3+ 24. Kg1 Qxh3 25. f4 Nf3+ 26. Rxf3 Qxf3 27. Nf2 Bd4 28. Re2 Rxe2 29. Qxe2 Bxf2+ 30. Qxf2 Qxd3 31. Bg3 Re8 32. f5 gxf5 33. Bf4 Re2 34. Qf1 Qd4+ 35. Kh1 Qe4+ 36. Kg1 Re1 0-1

[Event "December 5 Early 2023"]
[Site "https://www.chess.com"]
[Date "2023.12.05"]
[Round "11"]
[White "Hernandez Jimenez, Alexander Andres"]
[Black "Shinkarev, M"]
[Result "0-1"]
[Board "109"]
[TimeControl "180+1"]
[WhiteFideId "3900452"]
[BlackFideId "4145348"]
[WhiteElo "2377"]
[BlackElo "2478"]
[WhiteTeam "VEN"]
[BlackTeam "RUS"]
[WhiteClock "0:00:12"]
[BlackClock "0:01:12"]

1. e4 e5 2. Nf3 d6 3. Bc4 Nd7 4. O-O c6 5. Re1 b5 6. Bb3 Nc5 7. d4 Nxb3 8. axb3 Qc7 9. c4 b4 10. dxe5 dxe5 11. Nbd2 Nf6 12. Nf1 h6 13. Ng3 Be7 14. Be3 O-O 15. Qc2 Ng4 16. Bd2 Bc5 17. Re2 Rd8 18. h3 Nf6 19. Be3 Bd4 20. Nf5 Bxf5 21. exf5 c5 22. Ra6 e4 23. Nh2 Qc8 24. Rxf6 Bxf6 25. Ng4 Bd4 26. Qxe4 Re8 27. Qd5 h5 28. Nh2 Qd8 29. Qf3 Qh4 30. Nf1 Rad8 31. g3 Qxh3 32. Bxd4 Rxe2 33. Qxe2 cxd4 34. Qe7 Rf8 35. f6 Qe6 36. Qxa7 Qxf6 0-1

[Event "December 5 Early 2023"]
[Site "https://www.chess.com"]
[Date "2023.12.05"]
[Round "11"]
[White "Lehtosaari, Mauri"]
[Black "Kleibel, Uwe"]
[Result "1-0"]
[Board "110"]
[TimeControl "180+1"]
[WhiteFideId "501999"]
[BlackFideId "1270982"]
[WhiteElo "2472"]
[BlackElo "2364"]
[WhiteTeam "FIN"]
[BlackTeam "GER"]
[WhiteClock "0:01:23"]
[BlackClock "0:01:59"]

1. d4 d5 2. c4 e6 3. Nc3 Nf6 4. cxd5 exd5 5. Bg5 Be7 6. e3 O-O 7. Bd3 Re8 8. Nf3 c6 9. O-O Ne4 10. Bxe7 Qxe7 11. Qc2 Bf5 12. Rab1 Nxc3 13. Qxc3 Bxd3 14. Qxd3 Nd7 15. Rfc1 Nb6 16. b3 Nc8 17. Ne5 f6 18. Nf3 Nd6 19. Nd2 g5 20. b4 Kg7 21. a4 a6 22. Nf1 h5 23. Ng3 h4 24. Nf5+ Nxf5 25. Qxf5 Qd6 26. b5 cxb5 27. axb5 a5 28. Rc5 Red8 29. Rbc1 Rd7 30. b6 a4 31. Rc7 Rd8 32. h3 a3 33. Qb1 Rxc7 34. bxc7 Rc8 35. Qxb7 a2 36. Qxc8 1-0

[Event "December 5 Early 2023"]
[Site "https://www.chess.com"]
[Date "2023.12.05"]
[Round "11"]
[White "Yurasova, Daria"]
[Black "Seder, Mohammed"]
[Result "1-0"]
[Board "111"]
[TimeControl "180+1"]
[WhiteFideId "34146919"]
[BlackFideId "11505567"]
[WhiteElo "2445"]
[BlackElo "2358"]
[WhiteTeam "RUS"]
[BlackTeam "PLE"]
[WhiteClock "0:01:02"]
[BlackClock "0:00:18"]

1. d4 e6 2. e4 d5 3. e5 c5 4. c3 Nc6 5. Nf3 Qb6 6. a3 a6 7. b4 cxd4 8. cxd4 Bd7 9. Bb2 Nge7 10. Bd3 Nf5 11. Bxf5 exf5 12. O-O Be7 13. Re1 O-O 14. Nbd2 Be6 15. Qb3 a5 16. b5 Na7 17. a4 Nc8 18. Nf1 Qd8 19. Ne3 Nb6 20. Qd3 Qd7 21. Nd2 f4 22. Nef1 Nc4 23. Bc3 Bb4 24. Rec1 Rfc8 25. Qf3 g5 26. Qh5 Be7 27. h3 b6 28. Nf3 g4 29. Ng5 f6 30. Qxh7+ Kf8 31. Qh8+ Bg8 32. Qh6+ Ke8 33. exf6 Bf8 34. Qg6+ Bf7 35. Re1+ Ne3 36. Nxf7 Qxf7 37. Qxf7+ Kxf7 38. Nxe3 fxe3 39. Rxe3 Bh6 40. Rd3 gxh3 41. Rxh3 Bg5 42. Rf3 Bxf6 43. Bd2 Kg6 44. Be3 Rc4 45. Rf4 Rac8 46. g4 Rc1+ 47. Rxc1 Rxc1+ 48. Bxc1 Bg5 49. Rf5 Bxc1 50. Rxd5 Bb2 51. Rd6+ Kg5 52. Rxb6 Bxd4 53. Ra6 Kxg4 54. b6 Kf3 55. b7 Bxf2+ 56. Kf1 Bg3 57. Rxa5 Ke4 58. Rb5 Bb8 59. Rc5 Kd4 60. Rc8 Ba7 61. b8=Q Bxb8 62. Rxb8 Kc5 63. a5 Kc6 64. Rb1 Kc7 65. a6 Kc8 66. a7 Kc7 67. a8=Q Kd6 68. Qa2 Kc5 69. Qc2+ Kd4 70. Rd1+ Ke3 71. Qe2+ Kf4 72. Rd3 Kf5 73. Rf3+ Kg4 74. Qg2+ Kh4 75. Rh3# 1-0

[Event "December 5 Early 2023"]
[Site "https://www.chess.com"]
[Date "2023.12.05"]
[Round "11"]
[White "Barath1308"]
[Black "Filipovic, Slobodan J"]
[Result "0-1"]
[Board "112"]
[TimeControl "180+1"]
[BlackFideId "939633"]
[WhiteElo "2347"]
[BlackElo "2439"]
[BlackTeam "SRB"]
[WhiteClock "0:00:00"]
[BlackClock "0:00:11"]

1. d4 Nf6 2. Nf3 e6 3. c4 c5 4. Nc3 cxd4 5. Nxd4 Bb4 6. Qd3 Na6 7. a3 Nc5 8. Qc2 Bxc3+ 9. Qxc3 Nfe4 10. Qc2 Nxf2 11. Kxf2 Qh4+ 12. g3 Qxd4+ 13. Be3 Qe4 14. Qc3 Qf5+ 15. Kg1 Ne4 16. Qxg7 Rf8 17. Bg2 d5 18. Rf1 Qg6 19. Qe5 Bd7 20. cxd5 f5 21. Bxe4 fxe4 22. Kg2 Rc8 23. Rc1 Qf5 24. Rxc8+ Bxc8 25. Qc7 exd5 26. Bxa7 Qh3+ 27. Kg1 Qf5 28. Qc1 Qh3 29. Be3 Bg4 0-1

[Event "December 5 Early 2023"]
[Site "https://www.chess.com"]
[Date "2023.12.05"]
[Round "11"]
[White "Shevchuk, Olexandr"]
[Black "Rose, Felix"]
[Result "1-0"]
[Board "113"]
[TimeControl "180+1"]
[WhiteFideId "14113775"]
[BlackFideId "5105722"]
[WhiteElo "2428"]
[BlackElo "2325"]
[WhiteTeam "UKR"]
[BlackTeam "MEX"]
[WhiteClock "0:01:13"]
[BlackClock "0:00:03"]

1. d4 Nf6 2. c4 g6 3. g3 Bg7 4. Bg2 O-O 5. Nc3 d6 6. Nf3 Nbd7 7. O-O e5 8. e4 c6 9. h3 Re8 10. Be3 a5 11. Qc2 exd4 12. Nxd4 Nc5 13. b3 Qe7 14. Rfe1 Nfxe4 15. Nxe4 Nxe4 16. Bxe4 Qxe4 17. Bd2 Qxe1+ 18. Rxe1 Rxe1+ 19. Bxe1 Bxd4 20. Bc3 Bxc3 21. Qxc3 Bxh3 22. Qd2 a4 23. Qxd6 axb3 24. axb3 h5 25. Qe7 Ra1+ 26. Kh2 Bg4 27. Qe8+ Kh7 28. Qxf7+ Kh6 29. Qf8+ Kh7 30. Qf6 Rb1 31. b4 Bf5 32. Qe7+ Kh6 33. Qe3+ Kh7 34. Qe7+ Kh6 35. Qe8 Kh7 36. b5 cxb5 37. cxb5 Kh6 38. b6 Kg5 39. Qe7+ Kh6 40. Qxb7 Kg5 41. Qc7 Be4 42. Qf4# 1-0

[Event "December 5 Early 2023"]
[Site "https://www.chess.com"]
[Date "2023.12.05"]
[Round "11"]
[White "Shubhi Gupta"]
[Black "Begunov, Konstantin"]
[Result "1/2-1/2"]
[Board "114"]
[TimeControl "180+1"]
[WhiteFideId "25195425"]
[BlackFideId "4118510"]
[WhiteElo "2301"]
[BlackElo "2426"]
[WhiteTeam "IND"]
[BlackTeam "RUS"]
[WhiteClock "0:00:03"]
[BlackClock "0:00:04"]

1. d4 d5 2. Nf3 c6 3. Bf4 Bg4 4. e3 Nd7 5. Nbd2 e6 6. h3 Bh5 7. g4 Bg6 8. c4 h5 9. g5 h4 10. Qb3 Qc8 11. Ne5 Nxe5 12. Bxe5 Ne7 13. Bd6 Qd7 14. c5 b6 15. Bd3 Bxd3 16. Qxd3 Nf5 17. Bxf8 Kxf8 18. Nb3 g6 19. O-O-O Kg7 20. e4 dxe4 21. Qxe4 Qd5 22. Rhe1 Rad8 23. Qe5+ Qxe5 24. dxe5 Rd5 25. cxb6 axb6 26. Rxd5 cxd5 27. Kd2 Rc8 28. Rc1 Rxc1 29. Kxc1 Ne7 30. Nd4 Kf8 31. b4 Ke8 32. a4 Kd7 33. Kc2 Nc6 34. Nxc6 Kxc6 35. Kc3 Kb7 36. b5 Kc7 37. Kb4 Kb7 38. a5 bxa5+ 39. Kxa5 Ka7 40. f3 Kb7 41. b6 d4 42. Kb4 Kxb6 43. Kc4 Ka5 44. Kxd4 Kb4 45. Ke4 Kc4 46. f4 Kc3 47. Kf3 Kd3 48. Kg4 Ke3 49. Kxh4 Kxf4 1/2-1/2

[Event "December 5 Early 2023"]
[Site "https://www.chess.com"]
[Date "2023.12.05"]
[Round "11"]
[White "Player, Edmund C"]
[Black "Topalov, Aleksandar"]
[Result "0-1"]
[Board "115"]
[TimeControl "180+1"]
[WhiteFideId "406520"]
[BlackFideId "925659"]
[WhiteElo "2252"]
[BlackElo "2423"]
[WhiteTeam "ENG"]
[BlackTeam "SRB"]
[WhiteClock "0:00:03"]
[BlackClock "0:01:15"]

1. e4 e6 2. d4 d5 3. Nd2 Nf6 4. e5 Ng8 5. f4 Ne7 6. Ndf3 h5 7. Bd3 g6 8. Nh3 Qd7 9. Nhg5 b6 10. c3 Ba6 11. Bxa6 Nxa6 12. a4 Nf5 13. O-O c5 14. a5 b5 15. Bd2 Be7 16. Qe1 Rc8 17. dxc5 Nxc5 18. Qe2 a6 19. Kh1 h4 20. Be3 Kf8 21. Bd4 Nb3 22. Rad1 Bc5 23. Bxc5+ Rxc5 24. Nd4 Nbxd4 25. cxd4 Rc4 26. b3 Rxd4 27. Rxd4 Nxd4 28. Qe3 Nf5 29. Qb6 Kg7 30. Qxa6 Rb8 31. Rc1 d4 32. Rd1 b4 33. Qc4 Rb5 34. Ne4 Rxa5 35. Nf6 Qb7 36. Rc1 Ra2 37. h3 Qxg2# 0-1

[Event "December 5 Early 2023"]
[Site "https://www.chess.com"]
[Date "2023.12.05"]
[Round "11"]
[White "Rodriguez Santiago, Jaime"]
[Black "Azar, Sebastien"]
[Result "0-1"]
[Board "116"]
[TimeControl "180+1"]
[WhiteFideId "3100898"]
[BlackFideId "2640198"]
[WhiteElo "2285"]
[BlackElo "2423"]
[WhiteTeam "PUR"]
[BlackTeam "CAN"]
[WhiteClock "0:01:52"]
[BlackClock "0:02:25"]

1. d4 d5 2. c4 c6 3. Nc3 Nf6 4. cxd5 cxd5 5. Bf4 Nc6 6. e3 a6 7. Be2 Bf5 8. g4 Bg6 9. h4 h5 10. g5 Ne4 11. Bf3 Qa5 12. Ne2 e6 13. Kf1 Nxc3 14. Nxc3 Be7 15. Kg2 Rc8 16. a3 b5 17. b4 Qd8 18. Na2 Bd6 19. Bxd6 Qxd6 20. Nc1 Ne7 21. Nb3 Bc2 0-1